 Dungeon Crawl Stone Soup version 0.17.2-1-ge4368a0 (webtiles) character file.

170 Goblin1989 the Sneak (level 5, -2/39 HPs)
             Began as a Demonspawn Wanderer on July 25, 2016.
             Was a Follower of Cheibriados.
             Slain by a slave (6 damage)
             ... led by Pikel
             ... on level 4 of the Dungeon.
             The game lasted 00:06:44 (3265 turns).

Goblin1989 the Sneak (Demonspawn Wanderer)          Turns: 3265, Time: 00:06:44

Health: -2/39      AC: 11    Str: 21    XL:     5   Next: 26%
Magic:  0/5        EV:  7    Int: 15    God:    Cheibriados [*.....]
Gold:   163        SH:  0    Dex: 14    Spells: 0 memorised, 4 levels left

rFire  . . .     SeeInvis .     a - +0 quarterstaff
rCold  . . .     Clarity  .     e - +0 chain mail
rNeg   . . .     SustAt   .     (shield currently unavailable)
rPois  .         Gourm    .     (helmet restricted)
rElec  .         Spirit   +     (no cloak)
rCorr  .         Warding  .     (no gloves)
rMut   .         Stasis   .     i - +1 pair of boots
MR     .....                    (no amulet)
Stlth  ..........               (no ring)
                                (no ring)

@: mighty, lethally poisoned (-2 -> -3), very slow, not resistant to hostile
enchantments, extremely unstealthy
A: horns 1, rugged brown scales 1, magic shield
a: Bend Time, Renounce Religion


You were on level 4 of the Dungeon.
You worshipped Cheibriados.
Cheibriados was aware of your devotion.
You were hungry.

You visited 1 branch of the dungeon, and saw 4 of its levels.

You collected 163 gold pieces.

Inventory:

Hand Weapons
 a - a +0 quarterstaff (weapon)
Missiles
 q - 6 javelins (quivered)
Armour
 e - a +0 chain mail (worn)
 i - a +1 pair of boots (worn)
 k - a +1 plate armour
Jewellery
 m - an uncursed ring of positive energy {unknown}
Scrolls
 d - a scroll of blinking
 j - 4 scrolls of remove curse
Potions
 b - a potion of degeneration {unknown}
 c - 2 potions of lignification
 f - 5 potions of might
 h - a potion of flight {unknown}
 l - a potion of magic {unknown}
 o - a potion of resistance {unknown}
 s - a potion of invisibility {unknown}
 t - a potion of curing {unknown}
Comestibles
 g - a bread ration
 n - a beef jerky
 p - a slice of pizza
 r - a meat ration


   Skills:
 - Level 2.0 Fighting
 * Level 4.2 Staves
 - Level 1.0 Throwing
 + Level 1.9 Armour
 - Level 4.5 Stealth
 - Level 1.0 Unarmed Combat


You had 4 spell levels left.
You didn't know any spells.

Dungeon Overview and Level Annotations

Branches:
Dungeon (4/15)
 Temple: D:4-7

Altars:
Ashenzari
Cheibriados
Dithmenos
Fedhas
Sif Muna
Xom

Annotations:
D:4 Pikel


Innate Abilities, Weirdness & Mutations

You have a pair of small horns on your head.
You are partially covered in rugged brown scales (AC +1, +3% HP).
When hurt, damage is shared between your health and your magic reserves.


Message History

You hit Pikel.
Pikel is lightly wounded.
The slave hits you but does no damage. Pikel barely misses you.
Your chain mail prevents you from hitting Pikel.
Your headbutt misses Pikel.
Pikel is lightly wounded.
The slave hits you. The slave barely misses you.
Pikel hits you with a whip of freezing.
* * * LOW HITPOINT WARNING * * *
Pikel freezes you.
* * * LOW HITPOINT WARNING * * *
You take 4 damage, and have 9/39 hp.
You closely miss Pikel.
Pikel is lightly wounded.
You feel sick. The slave hits you.
* * * LOW HITPOINT WARNING * * *
The slave hits you.
* * * LOW HITPOINT WARNING * * *
The slave hits you!
You die...

#.# #.# #.#
####.##### ##
#..).....# .(..
#..†.[...#...#
#...pp.......#
#.<.@K.....###
#...pp...#.....
#....#####.....
###### ......
#####


You could see Pikel and 4 slaves.

Vanquished Creatures
  A scorpion (D:4)
  3 adders
  4 oozes
  3 worms
  2 giant geckos (D:1)
  An orc (D:3)
  2 ball pythons (D:2)
  7 bats
  3 giant cockroaches
  9 goblins
  10 hobgoblins
  4 jackals
  A quokka (D:2)
  A giant newt (D:1)
  6 kobolds
  9 rats
66 creatures vanquished.

Notes
Turn   | Place    | Note
--------------------------------------------------------------
     0 | D:1      | Goblin1989 the Demonspawn Wanderer began the quest for the Orb.
     0 | D:1      | Goblin1989 set off with: a scroll of blinking, a potion of berserk rage, a potion of lignification, a +0 quarterstaff, a +0 robe, a +0 dagger, a bread ration
     0 | D:1      | Reached XP level 1. HP: 16/16 MP: 1/1
   287 | D:1      | Gained mutation: When hurt, damage is shared between your health and your magic reserves. [demonic ancestry]
   287 | D:1      | Reached XP level 2. HP: 17/22 MP: 2/2
   773 | D:1      | Gained mutation: You have a pair of small horns on your head. [demonic ancestry]
   773 | D:1      | Reached XP level 3. HP: 11/27 MP: 1/3
  1682 | D:2      | Found a shadowy altar of Dithmenos.
  1705 | D:2      | Reached skill level 1 in Armour
  1801 | D:2      | Gained mutation: You are partially covered in rugged brown scales (AC +1, +3% HP). [demonic ancestry]
  1801 | D:2      | Reached XP level 4. HP: 24/33 MP: 4/4
  1863 | D:2      | Found a shattered altar of Ashenzari.
  1863 | D:2      | Found a deep blue altar of Sif Muna.
  1865 | D:2      | Found a blossoming altar of Fedhas.
  1865 | D:2      | Found a shadowy altar of Dithmenos.
  1866 | D:2      | Found a snail-covered altar of Cheibriados.
  1879 | D:2      | Became a worshipper of Cheibriados the Contemplative
  2049 | D:2      | Found a shimmering altar of Xom.
  2558 | D:3      | Reached * piety under Cheibriados
  3246 | D:4      | Reached XP level 5. HP: 24/39 MP: 5/5
  3252 | D:4      | Noticed a slave
  3252 | D:4      | Noticed a slave
  3252 | D:4      | Noticed a slave
  3253 | D:4      | Noticed Pikel
  3253 | D:4      | Noticed a slave
  3265 | D:4      | Slain by a slave

Action                   |  1- 3 |  4- 6 || total
-------------------------+-------+-------++-------
Melee: Quarterstaff      |   138 |    93 ||   231
  Use: Scroll            |       |     4 ||     4
       Potion            |       |     1 ||     1
 Stab: Distracted        |     1 |       ||     1
       Sleeping          |     1 |       ||     1
  Eat: Bread ration      |     1 |       ||     1
       Chunk             |       |     2 ||     2
